[Event "ICC tourney 2050 (75 10)"]
[Site "Internet Chess Club"]
[Date "2020.10.10"]
[Round "4"]
[White "Dking135799"]
[Black "spideydavey"]
[Result "1-0"]
[ICCResult "Black resigns"]
[WhiteElo "2252"]
[BlackElo "1818"]
[Opening "Queen's pawn game"]
[ECO "A46"]
[NIC "QP.06"]
[Time "18:32:53"]
[TimeControl "4500+10"]

1. d4 Nf6 2. Nf3 c5 3. c3 g6 4. Bf4 Bg7 5. Nbd2 d5 6. e3 Qb6 7. Qb3 c4 8.
Qc2 Bf5 9. Qc1 O-O 10. Be2 Nc6 11. h3 h6 12. O-O g5 13. Bh2 Nd7 14. Bd1 e5
15. Bc2 Bxc2 16. Qxc2 exd4 17. exd4 Rfe8 18. Rfe1 Ne7 19. Re2 Qg6 20. Qxg6
Nxg6 21. Rae1 Rxe2 22. Rxe2 f6 23. Nf1 Kf7 24. Ne3 Re8 25. Kf1 Nb6 26. g4
Bf8 27. Nd2 Nf4 28. Bxf4 gxf4 29. Nd1 Rxe2 30. Kxe2 Kg6 31. Nf3 h5 32. Nh2
hxg4 33. Nxg4 Kg5 34. Kf3 Bd6 35. b3 cxb3 36. axb3 f5 37. h4+ Kxh4 38. Nh6
Bc7 39. Nxf5+ Kg5 40. Ng7 Bd6 41. Ne6+ Kh6 42. Nxf4 Kg5 43. Ne6+ Kf5 44. Nd8
Bc7 45. Ne3+ Kf6 46. Nxb7 Ke6 47. Nc5+ Kd6 48. Kg4 Nc8 49. f4 Bb6 50. Nd3
Ke6 51. f5+ Kd6 52. Nf4 Ne7 53. f6 Nc8 54. Nf5+ Kd7 55. f7 {Black resigns}
1-0

[Event "ICC tourney 2050 (75 10)"]
[Site "Internet Chess Club"]
[Date "2020.10.10"]
[Round "4"]
[White "zuz1209"]
[Black "lmperatorX"]
[Result "1-0"]
[ICCResult "Black resigns"]
[WhiteElo "2254"]
[BlackElo "2119"]
[Opening "Sicilian: Najdorf"]
[ECO "B90"]
[NIC "SI.14"]
[Time "18:32:44"]
[TimeControl "4500+10"]

1. e4 c5 2. Nf3 d6 3. d4 cxd4 4. Nxd4 Nf6 5. Nc3 a6 6. Bd3 e5 7. Nde2 Be7 8.
O-O O-O 9. Ng3 b5 10. Re1 b4 11. Nd5 Nxd5 12. exd5 g6 13. Bh6 Re8 14. a3
bxa3 15. Rxa3 Bg5 16. Bxg5 Qxg5 17. Ne4 Qe7 18. Qd2 f5 19. Ng5 Qf6 20. Bc4
Nd7 21. Ne6 Ra7 22. Rea1 Nb6 23. Bb3 Ree7 24. Qb4 Nxd5 25. Nd8 {Black
resigns} 1-0

[Event "ICC tourney 2050 (75 10)"]
[Site "Internet Chess Club"]
[Date "2020.10.10"]
[Round "4"]
[White "pangpangba"]
[Black "kpthomas"]
[Result "1/2-1/2"]
[ICCResult "Game drawn by mutual agreement"]
[WhiteElo "1656"]
[BlackElo "2098"]
[Opening "Sicilian: Najdorf, Byrne (English) attack"]
[ECO "B90"]
[NIC "SI.14"]
[Time "18:32:43"]
[TimeControl "4500+10"]

1. e4 c5 2. Nf3 d6 3. d4 cxd4 4. Nxd4 Nf6 5. Nc3 a6 6. Be3 e5 7. Nb3 Be6 8.
f3 Be7 9. Qd2 h5 10. Nd5 Nxd5 11. exd5 Bf5 12. Bd3 Bxd3 13. Qxd3 Nd7 14.
O-O-O Bg5 15. Kb1 Bxe3 16. Qxe3 O-O 17. Nd2 f5 18. h3 h4 19. Qf2 Rc8 20. g3
hxg3 21. Qxg3 b5 22. h4 Qf6 23. h5 Qh6 24. Qg6 Rf6 25. Qxh6 Rxh6 26. Nb3 Kf7
27. Rdg1 Nf6 28. Rg5 Rch8 29. Rxf5 Rxh5 30. Rhxh5 Rxh5 31. Rxh5 Nxh5 32. Kc1
Nf4 33. Kd2 Nxd5 34. Kd3 Ke6 35. a3 Nb6 36. Na5 g5 37. Nc6 d5 38. b3 Kf5 39.
Nb4 e4+ 40. Ke2 exf3+ 41. Kxf3 a5 42. Nc6 a4 43. Nd4+ Ke5 44. Nxb5 axb3 45.
cxb3 d4 46. a4 Kd5 47. a5 Na8 48. Nxd4 Kxd4 49. Kg4
{Game drawn by mutual agreement}
1/2-1/2

[Event "ICC tourney 2050 (75 10)"]
[Site "Internet Chess Club"]
[Date "2020.10.10"]
[Round "4"]
[White "e4f5"]
[Black "MiamiDude"]
[Result "0-1"]
[ICCResult "White checkmated"]
[WhiteElo "2209"]
[BlackElo "2429"]
[Opening "Ruy Lopez: Anderssen variation"]
[ECO "C77"]
[NIC "RL.12"]
[Time "18:32:47"]
[TimeControl "4500+10"]

1. e4 e5 2. Nf3 Nc6 3. Bb5 a6 4. Ba4 Nf6 5. d3 Bc5 6. O-O b5 7. Bb3 d6 8. c3
h6 9. Nbd2 O-O 10. Re1 Bb6 11. Nf1 Ne7 12. Ng3 Re8 13. h3 Ng6 14. a4 Rb8 15.
axb5 axb5 16. Be3 Bxe3 17. fxe3 b4 18. c4 Be6 19. Ba4 Rf8 20. Rf1 Qc8 21.
Qe2 Ra8 22. Nd2 Bd7 23. Bxd7 Qxd7 24. Nf5 Qe6 25. Nb3 Nd7 26. Qc2 Ne7 27.
Nxe7+ Qxe7 28. Ra5 Nc5 29. Rfa1 Rxa5 30. Rxa5 Nxb3 31. Qxb3 Qg5 32. d4 Qg3
33. dxe5 dxe5 34. Qd3 Qe1+ 35. Kh2 Qc1 36. Qb3 Re8 37. Rd5 Qe1 38. Qd3 Re6
39. Qd2 Qh4 40. Qxb4 Qxe4 41. Qc5 Rg6 42. Rd8+ Kh7 43. Rd2 f5 44. Rf2 Qh4
45. Re2 Qg3+ 46. Kh1 Rd6 47. e4 Rd1+ 48. Qg1 Rxg1+ 49. Kxg1 f4 50. Rf2 Qe3
51. Kf1 Qc1+ 52. Ke2 Qxc4+ 53. Ke1 Qxe4+ 54. Re2 Qd4 55. b3 e4 56. Rd2 Qc3
57. Ke2 f3+ 58. gxf3 Qxf3+ 59. Ke1 Qxh3 60. Re2 Qxb3 61. Rxe4 Qb1+ 62. Kf2
Qxe4 63. Kg1 c5 64. Kf2 c4 65. Kg1 c3 66. Kf2 c2 67. Kg1 c1=Q+ 68. Kf2 Qg5
69. Kf1 Qgg2# {White checkmated} 0-1

[Event "ICC tourney 2050 (75 10)"]
[Site "Internet Chess Club"]
[Date "2020.10.10"]
[Round "4"]
[White "Enamul"]
[Black "A-Zapata"]
[Result "1-0"]
[ICCResult "Black resigns"]
[WhiteElo "2493"]
[BlackElo "2510"]
[Opening "Sicilian: Alapin's variation (2.c3)"]
[ECO "B22"]
[NIC "SI.46"]
[Time "18:32:48"]
[TimeControl "4500+10"]

1. e4 c5 2. c3 Nf6 3. e5 Nd5 4. Nf3 d6 5. d4 cxd4 6. cxd4 Nc6 7. Bc4 e6 8.
O-O Be7 9. Qe2 O-O 10. Nc3 dxe5 11. dxe5 Nxc3 12. bxc3 b6 13. Qe4 Qc7 14.
Bd3 g6 15. Bh6 Rd8 16. Rad1 Bb7 17. Qf4 Rd5 18. Be4 Rc5 19. h4 Rc4 20. Rfe1
Rd8 21. Ng5 Nxe5 22. Rxd8+ Bxd8 23. Nxe6 Qd6 24. Nxd8 Bxe4 25. Nb7 Bxb7 26.
Qxc4 {Black resigns} 1-0

[Event "ICC tourney 2050 (75 10)"]
[Site "Internet Chess Club"]
[Date "2020.10.10"]
[Round "4"]
[White "Kyle2007"]
[Black "milindm"]
[Result "1/2-1/2"]
[ICCResult "Game drawn by mutual agreement"]
[WhiteElo "2038"]
[BlackElo "2242"]
[Opening "Sicilian defense"]
[ECO "B40"]
[NIC "SI.43"]
[Time "18:32:47"]
[TimeControl "4500+10"]

1. e4 c5 2. Nf3 e6 3. c3 d5 4. exd5 exd5 5. d4 Bd6 6. Bb5+ Nc6 7. dxc5 Bxc5
8. O-O Ne7 9. Nbd2 O-O 10. Nb3 Bd6 11. Bd3 h6 12. h3 Be6 13. Re1 Qd7 14.
Nbd4 Nxd4 15. Nxd4 Nc6 16. Bc2 Nxd4 17. Qxd4 Bf5 18. Bxf5 Qxf5 19. Be3 b6
20. Rad1 Rad8 21. Qg4 Qxg4 22. hxg4 Rd7 23. Rd3 Rfd8 24. Red1 Bc5 25. b4 Be7
26. a3 Bf6 27. Bd4 Rc7 28. Bxf6 gxf6 29. Kf1 {Game drawn by mutual
agreement} 1/2-1/2

[Event "ICC tourney 2050 (75 10)"]
[Site "Internet Chess Club"]
[Date "2020.10.10"]
[Round "4"]
[White "TjkTiger"]
[Black "JasonModer"]
[Result "1-0"]
[ICCResult "Black resigns"]
[WhiteElo "2612"]
[BlackElo "2502"]
[Opening "English: three knights system"]
[ECO "A27"]
[NIC "EO.21"]
[Time "18:35:59"]
[TimeControl "4500+10"]

1. c4 e5 2. Nc3 Nc6 3. Nf3 Bb4 4. Nd5 e4 5. Nd4 Nxd4 6. Nxb4 Nf6 7. e3 Ne6
8. b3 d5 9. cxd5 Nxd5 10. Nxd5 Qxd5 11. Bb2 O-O 12. Qc2 b5 13. a4 c6 14. Rc1
Rd8 15. Be2 Bb7 16. f3 f5 17. fxe4 fxe4 18. Qc3 Rd7 19. O-O Qxd2 20. Bg4 Re8
21. Ba3 h6 22. Qxd2 Rxd2 23. Bh5 {Black resigns} 1-0

[Event "ICC tourney 2050 (75 10)"]
[Site "Internet Chess Club"]
[Date "2020.10.10"]
[Round "4"]
[White "tacticsalk"]
[Black "Darnoc"]
[Result "1-0"]
[ICCResult "Black resigns"]
[WhiteElo "2344"]
[BlackElo "2599"]
[Opening "QGD Slav: Dutch variation, main line"]
[ECO "D19"]
[NIC "SL.05"]
[Time "18:32:51"]
[TimeControl "4500+10"]

1. d4 d5 2. c4 c6 3. Nf3 Nf6 4. Nc3 dxc4 5. a4 Bf5 6. e3 e6 7. Bxc4 Bb4 8.
O-O O-O 9. Qe2 Nbd7 10. e4 Bg4 11. Rd1 Qc7 12. h3 Bh5 13. g4 Bg6 14. Nh4 e5
15. Nxg6 hxg6 16. dxe5 Nxe5 17. Bg5 Rae8 18. Bb3 Nexg4 19. hxg4 Bxc3 20.
bxc3 Rxe4 21. Be3 Nxg4 22. Qf3 Qh2+ 23. Kf1 Nxe3+ 24. fxe3 Re5 25. Ra2 Qh6
26. e4 Rh5 27. Rf2 Rh3 28. Qf4 Qh5 29. Kg2 Kh7 30. Rf3 Rxf3 31. Qxf3 Qg5+
32. Qg3 Qe7 33. Rh1+ Kg8 34. Qxg6 {Black resigns} 1-0

[Event "ICC tourney 2050 (75 10)"]
[Site "Internet Chess Club"]
[Date "2020.10.10"]
[Round "4"]
[White "Terry1234"]
[Black "espark"]
[Result "0-1"]
[ICCResult "White resigns"]
[WhiteElo "2220"]
[BlackElo "2326"]
[Opening "Catalan opening"]
[ECO "E00"]
[NIC "CA.01"]
[Time "18:32:51"]
[TimeControl "4500+10"]

1. d4 Nf6 2. c4 e6 3. g3 d5 4. Nf3 Bb4+ 5. Bd2 Be7 6. Bg2 O-O 7. O-O Nbd7 8.
Qc2 c6 9. Rd1 b6 10. cxd5 cxd5 11. Ne5 Nxe5 12. dxe5 Nd7 13. Bc3 Qc7 14. e4
d4 15. Rxd4 Nxe5 16. Rd1 Ba6 17. Nd2 Rac8 18. Qa4 Be2 19. Re1 Bh5 20. Qb5
Bd6 21. Rac1 Qc6 22. Qf1 Qd7 23. h3 f6 24. g4 Bf7 25. Rcd1 Qe7 26. Nf3 Nxf3+
27. Bxf3 e5 28. Rd2 Bb4 29. Bxb4 Qxb4 30. Rd7 Qxb2 31. Rxa7 Ra8 32. Rb1 Qxb1
33. Qxb1 Rxa7 34. Bd1 Rxa2 35. Bb3 Ra3 36. Bxf7+ Kxf7 37. Qxb6 Rxh3 38. Qb7+
Kg8 39. Qd5+ Kh8 40. Kg2 Rc3 41. Qd6 Rcc8 42. Kg3 h6 43. Qd7 Rc3+ 44. f3 Rb8
45. g5 fxg5 46. Qe7 Rbb3 47. Qf8+ Kh7 48. Qf5+ Kg8 49. Qxe5 Rxf3+ 50. Kg4
Rf4+ 51. Kh5 Rh4+ {White resigns} 0-1

[Event "ICC tourney 2050 (75 10)"]
[Site "Internet Chess Club"]
[Date "2020.10.10"]
[Round "4"]
[White "tcao"]
[Black "BBCC2020"]
[Result "1-0"]
[ICCResult "Black resigns"]
[WhiteElo "2075"]
[BlackElo "2169"]
[Opening "Sicilian: Najdorf, Opocensky variation"]
[ECO "B92"]
[NIC "SI.11"]
[Time "18:32:49"]
[TimeControl "4500+10"]

1. e4 c5 2. Nf3 d6 3. d4 cxd4 4. Nxd4 Nf6 5. Nc3 a6 6. Be2 e5 7. Nb3 Be7 8.
Be3 Be6 9. f4 exf4 10. Bxf4 Nc6 11. Qd2 Qc7 12. O-O-O Rd8 13. h3 O-O 14. g4
Ne5 15. g5 Nfd7 16. h4 b5 17. a3 Bxb3 18. cxb3 Nc5 19. Qc2 Rc8 20. Kb1 Ne6
21. Bg3 Qb7 22. b4 Rfd8 23. Qb3 Nc4 24. Nd5 Bf8 25. Bg4 Re8 26. h5 Nxg5 27.
Bxc8 Qxc8 28. Bf4 Nxe4 29. Qc2 Qf5 30. Ka1 Qg4 31. Rdg1 Qf3 32. h6 g6 33. b3
Nxa3 34. Qb2 Rc8 35. Ne7+ {Black resigns} 1-0

[Event "ICC tourney 2050 (75 10)"]
[Site "Internet Chess Club"]
[Date "2020.10.10"]
[Round "4"]
[White "Blue-Elephant1"]
[Black "erickzhao"]
[Result "1-0"]
[ICCResult "Black resigns"]
[WhiteElo "2122"]
[BlackElo "2283"]
[Opening "Grünfeld: Stockholm variation"]
[ECO "D80"]
[NIC "GI.03"]
[Time "18:32:49"]
[TimeControl "4500+10"]

1. d4 Nf6 2. c4 g6 3. Nc3 d5 4. Bg5 Ne4 5. Bh4 Nxc3 6. bxc3 Bg7 7. Nf3 c5 8.
cxd5 Qxd5 9. e3 Nc6 10. Be2 O-O 11. O-O Bf5 12. Nd2 cxd4 13. Bf3 Qb5 14.
cxd4 Bd3 15. Re1 e5 16. a4 Qb4 17. Ne4 Bxe4 18. Bxe4 exd4 19. Rb1 Qc4 20.
Rxb7 dxe3 21. Rxe3 Nd4 22. Be7 Rfe8 23. Rb4 Qc7 24. Bxa8 Rxa8 25. Re4 f5 26.
Re1 Qc3 27. Rb1 Rc8 28. Bg5 Qa5 29. Be3 Nc2 30. Rc1 Bb2 31. Qd7 Qc3 32. Bd4
Qc7 33. Re8+ {Black resigns} 1-0

[Event "ICC tourney 2050 (75 10)"]
[Site "Internet Chess Club"]
[Date "2020.10.10"]
[Round "4"]
[White "sarkasm"]
[Black "visdus"]
[Result "1/2-1/2"]
[ICCResult "Game drawn by repetition"]
[WhiteElo "2447"]
[BlackElo "2136"]
[Opening "Neo-Grünfeld defense"]
[ECO "D70"]
[NIC "KI.80"]
[Time "18:35:24"]
[TimeControl "4500+10"]

1. d4 Nf6 2. c4 g6 3. f3 d5 4. cxd5 Nxd5 5. e4 Nb6 6. Nc3 Bg7 7. Be3 O-O 8.
Qd2 Nc6 9. O-O-O Qd6 10. Kb1 Rd8 11. Nb5 Qd7 12. d5 Ne5 13. Qc2 c6 14. Nxa7
Rxa7 15. Bxb6 Ra8 16. Bxd8 Qxd8 17. dxc6 Qa5 18. a3 bxc6 19. Ne2 Rb8 20. Qc3
Nd3 21. Qxa5 Rxb2+ 22. Ka1 Rd2+ 23. Kb1 Rb2+ 24. Ka1 Rd2+ 25. Kb1 Rb2+ 26.
Ka1 {Game drawn by repetition} 1/2-1/2

[Event "ICC tourney 2050 (75 10)"]
[Site "Internet Chess Club"]
[Date "2020.10.10"]
[Round "4"]
[White "aplusk"]
[Black "Openyagami"]
[Result "0-1"]
[ICCResult "White resigns"]
[WhiteElo "2519"]
[BlackElo "2581"]
[Opening "Réti opening"]
[ECO "A30"]
[NIC "QP.10"]
[Time "18:32:46"]
[TimeControl "4500+10"]

1. Nf3 c5 2. c4 g6 3. g3 Bg7 4. Bg2 Nc6 5. O-O d6 6. Nc3 Bf5 7. b3 Qd7 8.
Bb2 Bh3 9. Re1 h5 10. Bxh3 Qxh3 11. Ng5 Qd7 12. h4 Nh6 13. e3 f6 14. Nf3 Qh3
15. Ne2 e5 16. Qb1 Ne7 17. b4 Ng4 18. bxc5 dxc5 19. d4 Bh6 20. Nf4 exf4 21.
exf4 Bxf4 22. Rxe7+ Kd8 23. Qe1 Nxf2 24. Qxf2 Kxe7 25. gxf4 Rhe8 26. d5 Kf7
27. Rf1 Qf5 28. Qxc5 Re2 29. Ne5+ Kg8 30. Rf2 Qb1+ 31. Kg2 Qxb2 32. Nd3
Rxf2+ 33. Nxf2 Re8 34. d6 Qd2 35. Qc7 Rf8 36. d7 g5 37. Qxb7 gxf4 38. c5 Kh8
39. Qf3 Rg8+ 40. Kf1 Qxd7 41. Qxh5+ Qh7 42. Qxh7+ Kxh7 43. Nd3 Kg6 44. Nxf4+
Kf5 45. Nd5 Ke5 46. Ne7 Rg7 47. Nc8 Kd5 48. Nd6 Kxc5 49. Nf5 Rg4 50. Ke2 Rf4
51. Ng7 Rxh4 52. Ke3 Ra4 53. Ne6+ Kd6 54. Nd4 Rxa2 55. Nb5+ Kc5 56. Nc7 a5
57. Ne6+ Kc4 58. Kf3 a4 59. Kg3 a3 60. Kh3 Re2 {White resigns} 0-1

[Event "ICC tourney 2050 (75 10)"]
[Site "Internet Chess Club"]
[Date "2020.10.10"]
[Round "4"]
[White "Suraj240704"]
[Black "wolfchess1"]
[Result "1-0"]
[ICCResult "Black resigns"]
[WhiteElo "2196"]
[BlackElo "2074"]
[Opening "Réti opening"]
[ECO "A04"]
[NIC "QP.11"]
[Time "18:32:47"]
[TimeControl "4500+10"]

1. Nf3 d6 2. g3 g6 3. Bg2 Bg7 4. O-O f5 5. d3 e5 6. e4 fxe4 7. dxe4 Nf6 8.
Nbd2 O-O 9. c3 h6 10. Qc2 a5 11. Nc4 Be6 12. Ne3 Nbd7 13. Rd1 Qe8 14. Nd5
Nxd5 15. exd5 Bg4 16. Nd2 Bxd1 17. Qxd1 Nf6 18. Ne4 Qd7 19. Nxf6+ Rxf6 20.
Be3 Kh7 21. Be4 Kh8 22. h4 Bf8 23. Qd2 Qg7 24. g4 Rf7 25. Qd3 Be7 26. g5
hxg5 27. hxg5 Kh7 28. Kg2 Rh8 29. Rh1+ Kg8 30. Bxg6 Rf8 31. Rxh8+ Kxh8 32.
Qe4 Kg8 33. f4 Rxf4 34. Bxf4 exf4 35. Qe6+ Kh8 36. Qc8+ Bf8 37. Qh3+ Kg8 38.
Qe6+ Kh8 39. Kf3 b6 40. a4 Be7 41. Qc8+ Bf8 42. Qh3+ Kg8 43. Qe6+ Kh8 44.
Kxf4 Be7 45. Qc8+ Bf8 46. Qh3+ Kg8 47. Qe6+ Kh8 48. Kf5 Qe5+ 49. Qxe5+ dxe5
50. Kxe5 Be7 51. Kf5 Kg7 52. Be8 Kf8 53. Bc6 Kf7 54. g6+ Kg7 55. Be8 Kf8 56.
Ke6 Bd6 57. Bf7 Bf4 58. Kd7 Be5 59. b4 Bxc3 60. bxa5 Bxa5 61. Be6 Kg7 62.
Bf5 Kf6 63. Bd3 Kg7 64. Bb5 Kxg6 65. Kxc7 Kf6 66. d6 Bb4 67. d7 {Black
resigns} 1-0

[Event "ICC tourney 2050 (75 10)"]
[Site "Internet Chess Club"]
[Date "2020.10.10"]
[Round "4"]
[White "profofchess"]
[Black "MiamiBoy"]
[Result "1/2-1/2"]
[ICCResult "Game drawn by repetition"]
[WhiteElo "2272"]
[BlackElo "2139"]
[Opening "Four knights: Spanish, classical defense"]
[ECO "C48"]
[NIC "KP.03"]
[Time "18:32:53"]
[TimeControl "4500+10"]

1. e4 e5 2. Nf3 Nc6 3. Nc3 Nf6 4. Bb5 Bc5 5. Nxe5 Nxe5 6. d4 Bd6 7. f4 Nc6
8. e5 O-O 9. exd6 cxd6 10. O-O Re8 11. Kh1 a6 12. Be2 b5 13. Bf3 Bb7 14. f5
h6 15. Bf4 Na5 16. Bxd6 Bxf3 17. Rxf3 Nc4 18. Bf4 d5 19. b3 Nd6 20. Be5 Nde4
21. Nxe4 Nxe4 22. f6 gxf6 23. Bf4 Kh7 24. Qc1 Ng5 25. Bxg5 hxg5 26. Qf1 Kg7
27. Qf2 Qd6 28. Rf1 Re6 29. Rf5 Rc8 30. Kg1 a5 31. h4 gxh4 32. Qxh4 Rh8 33.
Qg4+ Kf8 34. Qf4 Ke7 35. Qxd6+ Rxd6 36. Re1+ Kd7 37. Kf2 a4 38. Re3 Rc8 39.
c3 axb3 40. axb3 b4 41. cxb4 Rb8 42. Rc3 Rxb4 43. Ke3 Ke6 44. Rf2 Rdb6 45.
Rb2 f5 46. Rd3 Rb8 47. Kd2 Rc8 48. g3 Rc7 49. Re3+ Kf6 50. Kd3 Kg5 51. Re8
Kf6 52. Rd8 Ke6 53. Ra8 Rcb7 54. Ra6+ Kd7 55. Kc3 Ke7 56. Ra5 Kd6 57. Ra6+
Ke7 58. Ra4 R4b5 59. b4 Rc7+ 60. Kb3 Rc4 61. Rd2 Rc1 62. Ra5 Rb1+ 63. Rb2
Rxb2+ 64. Kxb2 Rxb4+ 65. Kc3 Rc4+ 66. Kd3 Kd6 67. Ra6+ Ke7 68. Ra5 Kd6 69.
Ra6+ Rc6 70. Ra8 Rc1 71. Rd8+ Ke6 72. Re8+ Kd6 73. Rd8+ Ke6 74. Re8+ Kd6 75.
Rd8+ Ke6 76. Re8+ {Game drawn by repetition} 1/2-1/2

[Event "ICC tourney 2050 (75 10)"]
[Site "Internet Chess Club"]
[Date "2020.10.10"]
[Round "4"]
[White "BlueJay01"]
[Black "helavir"]
[Result "0-1"]
[ICCResult "White resigns"]
[WhiteElo "2082"]
[BlackElo "2625"]
[Opening "English: Neo-Catalan accepted"]
[ECO "A13"]
[NIC "RE.10"]
[Time "18:33:08"]
[TimeControl "4500+10"]

1. c4 e6 2. g3 d5 3. Bg2 Nf6 4. Nf3 dxc4 5. Qa4+ c6 6. Qxc4 b5 7. Qb3 Bb7 8.
O-O Nbd7 9. Nc3 Be7 10. d4 O-O 11. Rd1 Qb6 12. a4 a6 13. h3 Rfd8 14. Be3 Nd5
15. Nxd5 cxd5 16. axb5 Bc6 17. Bd2 Rdb8 18. Bc3 Bxb5 19. Qc2 Rc8 20. Qd2 Nf6
21. Ne5 Ne4 22. Bxe4 dxe4 23. Rdc1 Qd8 24. Ng4 Bg5 25. e3 h5 26. Nh2 h4 27.
Nf1 Qd5 28. Kg2 Qf5 29. Nh2 Rab8 30. Re1 Be7 31. Qd1 hxg3 32. fxg3 Bd3 33.
Ra5 Rb5 34. Ra2 Bd6 35. Qg4 Qd5 36. Rea1 Qb7 37. h4 Rd5 38. Nf1 Bb4 39. Bxb4
Qxb4 40. b3 Qxb3 41. Rf2 Rc2 42. Nd2 Qc3 43. Rd1 Rf5 44. Rxf5 exf5 45. Qxf5
Rxd2+ 46. Rxd2 Qxd2+ 47. Kh3 g6 48. Qf4 Qd1 49. Qb8+ Kh7 50. Qf4 Bf1+
{White resigns}
0-1

[Event "ICC tourney 2050 (75 10)"]
[Site "Internet Chess Club"]
[Date "2020.10.10"]
[Round "4"]
[White "SkyAngel"]
[Black "WonderZ"]
[Result "0-1"]
[ICCResult "White resigns"]
[WhiteElo "2151"]
[BlackElo "2116"]
[Opening "Sicilian: O'Kelly variation"]
[ECO "B28"]
[NIC "SI.43"]
[Time "18:32:49"]
[TimeControl "4500+10"]

1. e4 c5 2. Nf3 a6 3. c3 e6 4. d4 d5 5. exd5 exd5 6. Be2 Nf6 7. O-O Nbd7 8.
dxc5 Nxc5 9. Nbd2 Bd6 10. Nb3 Nce4 11. Be3 O-O 12. h3 Re8 13. Re1 Bd7 14.
Nbd4 Qc8 15. Bf1 b5 16. a3 Rb8 17. Qd3 a5 18. Rac1 Nh5 19. Nb3 Nf4 20. Bxf4
Bxf4 21. Rcd1 a4 22. Nbd4 Qc7 23. Qc2 Bd6 24. Bd3 f5 25. Bf1 g6 26. Qd3 Bf4
27. Nc2 Be6 28. Qd4 Bd6 29. Qd3 Bf7 30. Ncd4 Bc5 31. Re2 Qa7 32. Rde1 h6 33.
Qc2 Qd7 34. Qd3 Kh7 35. g3 g5 36. Bg2 Bg6 37. Qd1 Qd6 38. Nd2 Qc7 39. N2f3
Qb6 40. Rc2 Qf6 41. Rce2 Rec8 42. Rc2 Ba7 43. Bf1 Be8 44. Qd3 Kh8 45. Kg2
Bd7 46. Rce2 Bc5 47. Nc2 Qd6 48. Nfd4 Rf8 49. Qf3 Qg6 50. Nb4 g4 51. hxg4
fxg4 52. Qd3 Bxb4 53. axb4 Rf6 54. Kg1 Rbf8 55. Qc2 Rxf2 56. Rxf2 Rxf2 57.
Qxf2 Nxf2 58. Kxf2 Qf6+ 59. Kg1 Qd6 60. Kf2 Qf8+ 61. Kg2 Kg7 62. Re3 Qf6 63.
Bxb5 Bxb5 64. Nxb5 h5 65. Nd4 Kf7 66. b5 Qg6 67. Re2 Qb6 68. Re5 Qc5 69. Re3
a3 70. bxa3 Qxa3 71. Kf2 Qb2+ 72. Kf1 Qc1+ 73. Ke2 Qb2+ 74. Kd3 Qb1+ 75. Ke2
Qa2+ 76. Kd3 Qb2 77. Re5 Qb1+ 78. Kd2 Qa2+ 79. Kd3 Qb1+ 80. Kd2 Qh1 81. Re3
Qb1 82. Re5 Qb2+ 83. Kd3 Qg2 84. Re3 Qf1+ 85. Kd2 Qb1 86. Re5 h4 87. gxh4 g3
88. Rg5 Qb2+ 89. Kd3 g2 90. Ne2 Qxb5+ 91. Kd2 Qb2+ 92. Kd3 Qb1+ 93. Kd2 Qf1
94. h5 Qh1 95. h6 Qxh6 {White resigns} 0-1

[Event "ICC tourney 2050 (75 10)"]
[Site "Internet Chess Club"]
[Date "2020.10.10"]
[Round "4"]
[White "Aleksandrov73"]
[Black "MacDaddyMac"]
[Result "1-0"]
[ICCResult "Black resigns"]
[WhiteElo "2658"]
[BlackElo "2188"]
[Opening "Nimzo-Indian: Reshevsky variation"]
[ECO "E46"]
[NIC "NI.10"]
[Time "18:32:45"]
[TimeControl "4500+10"]

1. d4 e6 2. c4 Nf6 3. Nc3 Bb4 4. e3 O-O 5. Ne2 d6 6. a3 Bxc3+ 7. Nxc3 e5 8.
Be2 Nc6 9. O-O Ne7 10. b4 h6 11. d5 c6 12. e4 a6 13. Be3 cxd5 14. cxd5 Ng6
15. a4 Bd7 16. a5 Rc8 17. Rc1 Nf4 18. Bf3 Qe7 19. g3 Nh3+ 20. Kh1 Ng5 21.
Bg2 Rc4 22. Qb3 Rfc8 23. f3 Nh5 24. Na4 Rxc1 25. Rxc1 Rxc1+ 26. Bxc1 f5 27.
Nb6 fxe4 28. fxe4 Bb5 29. Qc2 Qf7 30. Bxg5 hxg5 31. Kg1 Nf6 32. Qc8+ Qf8 33.
Qe6+ Kh8 34. Qf5 Kg8 35. h3 Qd8 36. Qxg5 Qc7 37. Qd2 Nd7 38. Nxd7 Bxd7 39.
Bf1 Bc8 40. h4 Bd7 41. Kf2 Bc8 42. Be2 Kf8 43. Ke1 b6 44. axb6 Qxb6 45. Bf1
Kg8 46. Qc3 Bd7 47. Be2 Kf8 48. Kd2 Ke7 49. h5 Kd8 50. g4 Qf2 51. Qe3 Qh2
52. Kc3 Bb5 53. Bxb5 axb5 54. Qb6+ Ke7 55. Qc7+ Ke8 56. Qb8+ Ke7 57. Qxb5
Qg3+ 58. Kb2 Qg2+ 59. Ka3 Qxe4 60. Qb7+ Kf6 61. Qc6 Qf3+ 62. Ka4 Qd1+ 63.
Kb5 Qd3+ 64. Ka4 e4 65. Qxd6+ Kg5 66. Qe7+ Kxg4 67. Qxg7+ Kxh5 68. Qe5+ Kg4
69. Ka5 e3 70. d6 e2 71. d7 Kf3 72. Qf6+ Kg4 73. d8=Q Qxd8+ 74. Qxd8 e1=Q
75. Qd6 Qa1+ 76. Kb6 Kf5 77. b5 Qb2 78. Kc6 Ke4 79. b6 Qc3+ 80. Kb7 Qg7+ 81.
Qc7 Qf8 82. Qd7 Ke5 83. Kc6 Qf3+ 84. Kc7 Qf8 85. b7 Qc5+ 86. Kb8 Kf6 87.
Qd8+ Kg6 88. Qd3+ Kh5 89. Qh7+ Kg5 90. Qc7 Qf8+ 91. Ka7 Qa3+ 92. Kb6 Qb4+
93. Kc6 Qa4+ 94. Kd6 Qd4+ 95. Ke6 Qf6+ 96. Kd5 Qf3+ 97. Kd4 Qf2+ 98. Kd5
Qd2+ 99. Ke6 Qa2+ 100. Ke7 Qa3+ 101. Ke8 Qa4+ 102. Qd7 Qb3 103. Qg7+ Kh4
104. Qf7 Qb5+ 105. Qd7 Qh5+ 106. Kd8 Qh8+ 107. Kc7 Qc3+ 108. Qc6 Qe5+ 109.
Kb6 Qb2+ 110. Qb5 Qd4+ 111. Qc5 Qd8+ 112. Ka7 {Black resigns} 1-0

[Event "ICC tourney 2050 (75 10)"]
[Site "Internet Chess Club"]
[Date "2020.10.11"]
[Round "5"]
[White "gannikus1992"]
[Black "tcao"]
[Result "1/2-1/2"]
[ICCResult "Game drawn by repetition"]
[WhiteElo "2423"]
[BlackElo "2063"]
[Opening "French: Albin-Alekhine-Châtard attack"]
[ECO "C13"]
[NIC "FR.06"]
[Time "11:03:28"]
[TimeControl "4500+10"]

1. e4 e6 2. d4 d5 3. Nc3 Nf6 4. Bg5 Be7 5. e5 Nfd7 6. h4 h6 7. Bxe7 Qxe7 8.
f4 Nb6 9. Nf3 Nc6 10. a3 Bd7 11. Bd3 O-O-O 12. Qd2 f5 13. exf6 gxf6 14.
O-O-O Rhg8 15. Rde1 Qf7 16. f5 exf5 17. Qxh6 Rxg2 18. h5 Rgg8 19. Kb1 Rh8
20. Qg6 Qxg6 21. hxg6 Rxh1 22. Rxh1 Rg8 23. Rg1 Ne7 24. g7 Kd8 25. Ne2 Ke8
26. Nf4 Kf7 27. Nh5 Nbc8 28. Nh4 Nd6 29. Rf1 Ne8 30. Nxf5 Nxf5 31. Bxf5 Bxf5
32. Rxf5 c6 33. Rf3 Kg6 34. Nf4+ Kf7 35. Nh5 Kg6 36. Nf4+ Kf7 37. Nh5 Kg6
{Game drawn by repetition}
1/2-1/2

[Event "ICC tourney 2050 (75 10)"]
[Site "Internet Chess Club"]
[Date "2020.10.11"]
[Round "5"]
[White "BBCC2020"]
[Black "erickzhao"]
[Result "0-1"]
[ICCResult "White resigns"]
[WhiteElo "2186"]
[BlackElo "2316"]
[Opening "Grünfeld: Stockholm variation"]
[ECO "D80"]
[NIC "GI.03"]
[Time "11:03:26"]
[TimeControl "4500+10"]

1. d4 Nf6 2. c4 g6 3. Nc3 d5 4. Bg5 Ne4 5. Bf4 Nxc3 6. bxc3 Bg7 7. cxd5 Qxd5
8. e3 O-O 9. Nf3 c5 10. Be2 Nc6 11. O-O cxd4 12. cxd4 Bf5 13. Qb3 Be6 14.
Qb2 Rac8 15. Nd2 Qd7 16. Nb3 Bf5 17. Nc5 Qd5 18. Bf3 Qxc5 {White resigns}
0-1

[Event "ICC tourney 2050 (75 10)"]
[Site "Internet Chess Club"]
[Date "2020.10.11"]
[Round "5"]
[White "MiamiBoy"]
[Black "Dking135799"]
[Result "1-0"]
[ICCResult "Black checkmated"]
[WhiteElo "2158"]
[BlackElo "2227"]
[Opening "Giuoco Piano"]
[ECO "C54"]
[NIC "IG.02"]
[Time "11:03:42"]
[TimeControl "4500+10"]

1. e4 e5 2. Nf3 Nc6 3. Bc4 Bc5 4. c3 Nf6 5. d3 d6 6. O-O a6 7. Bb3 O-O 8.
Re1 h6 9. Nbd2 Ba7 10. Nf1 Re8 11. Ng3 d5 12. exd5 Nxd5 13. d4 Bg4 14. h3
Bxf3 15. Qxf3 Nf6 16. Nh5 Qe7 17. Bxh6 Nxh5 18. Qxh5 Qf6 19. Bg5 Qf5 20. Re3
e4 21. Rae1 Nxd4 22. cxd4 Bxd4 23. g4 Qd7 24. Rxe4 Rxe4 25. Rxe4 Rf8 26. Be7
Bxf2+ 27. Kxf2 Qd2+ 28. Re2 Qf4+ 29. Kg2 Re8 30. Rf2 Qe4+ 31. Kh2 Rxe7 32.
Rxf7 Rxf7 33. Qxf7+ Kh7 34. Qh5# {Black checkmated} 1-0